 Dungeon Crawl Stone Soup version 0.21-a0-504-g2eda330 (webtiles) character file.

671 dvd the Shield-Bearer (level 7, -4/61 HPs)
             Began as a Minotaur Fighter on Nov 26, 2017.
             Slain by a bullfrog (7 damage)
             ... on level 5 of the Dungeon.
             The game lasted 00:11:11 (3376 turns).

dvd the Shield-Bearer (Minotaur Fighter)            Turns: 3376, Time: 00:11:12

Health: -4/61      AC: 12    Str: 23    XL:     7   Next: 32%
Magic:  6/6        EV:  8    Int:  5    God:
Gold:   182        SH: 10    Dex: 13    Spells: 6/6 levels left

rFire    . . .     SeeInvis +   o - +4 mace (protect)
rCold    . . .     Gourm    .   c - +0 shield
rNeg     . . .     Faith    .   b - +0 scale mail
rPois    .         Spirit   .   J - +1 hat
rElec    .         Reflect  .   G - +0 cloak
rCorr    +         Harm     .   (no gloves)
MR       .....                  s - +0 pair of boots
Stlth    +.........             g - amulet of rage
HPRegen  0.20/turn              k - ring of see invisible
MPRegen  0.10/turn              z - ring of resist corrosion

@: no status effects
A: retaliatory headbutt, horns 2, slimy green scales 1, thin skeletal structure
1, strong 1
a: Evoke Berserk Rage


You were on level 5 of the Dungeon.
You were not hungry.

You visited 1 branch of the dungeon, and saw 5 of its levels.

You collected 182 gold pieces.

Inventory:

Hand Weapons
 a - a +0 war axe
 n - a +2 short sword of venom
 o - a +4 mace of protection (weapon)
Missiles
 y - 37 stones
 B - 12 tomahawks (quivered)
Armour
 b - a +0 scale mail (worn)
 c - a +0 shield (worn)
 s - a +0 pair of boots (worn)
 G - a +0 cloak (worn)
 J - a +1 hat (worn)
Jewellery
 g - an amulet of rage (around neck)
 i - an uncursed ring of flight
 k - a ring of see invisible (left hand)
 z - a ring of resist corrosion (right hand)
Wands
 h - a wand of random effects (13)
 C - a wand of iceblast (7)
 L - a wand of polymorph (3)
Scrolls
 j - 2 scrolls of random uselessness {unknown}
 l - 4 scrolls of identify {unknown}
 m - 2 scrolls of teleportation
 r - 3 scrolls of noise {unknown}
 t - a scroll of immolation {unknown}
 x - a scroll of remove curse
 A - a scroll of magic mapping {unknown}
 D - a scroll of blinking {unknown}
 E - a scroll of enchant weapon {unknown}
 F - a scroll of fear {unknown}
Potions
 d - a potion of might
Comestibles
 f - 3 bread rations
 p - a royal jelly
 v - 4 fruits


   Skills:
 + Level 5.3 Fighting
 + Level 5.2(5.6) Axes
 + Level 2.7(4.3) Maces & Flails
 + Level 1.7 Throwing
 + Level 5.4 Armour
 + Level 1.6 Dodging
 + Level 0.2 Stealth
 + Level 5.4 Shields


You had 6 spell levels left.
You didn't know any spells.

Dungeon Overview and Level Annotations

Branches:
Dungeon (4/15)
 Temple: D:4-7

Altars:
Elyvilon
Gozag
Trog
Uskayaw
Vehumet
Wu Jian
Xom


Innate Abilities, Weirdness & Mutations

You reflexively headbutt those who attack you in melee.
You have a pair of horns on your head.
You are partially covered in slimy green scales. (AC +2)
You have a somewhat thin skeletal structure. (Dex +2, Stealth)
Your muscles are strong. (Str +2)


Message History

Aim: a steam dragon (catching its breath, chance to defeat MR: 46%)
The steam dragon resists with some effort.
You are engulfed in a cloud of scalding steam.
The steam dragon breathes steam at you. The ball of steam hits you!
* * * LOW HITPOINT WARNING * * *
Evoke which item? (* to show all) (? for menu, Esc to quit)
Aiming: Polymorph
Press: ? - help, Shift-Dir - straight line, f/p - steam dragon
Aim: a steam dragon (catching its breath, chance to defeat MR: 46%)
The steam dragon resists with some effort.
The steam dragon bites you but does no damage.
The steam dragon claws you but does no damage.
Evoke which item? (* to show all) (? for menu, Esc to quit)
Aiming: Polymorph
Press: ? - help, Shift-Dir - straight line, f/p - steam dragon
Aim: a steam dragon (catching its breath, chance to defeat MR: 46%)
The steam dragon evaporates and reforms as a bullfrog!
The bullfrog hits you!
You die...

####)#########......#
#......#....#......#
#.....D+..>.#......#
########....'......#
#....#......#
#######).....#
#.....†......#
#....F#......#
##...@#......#
#...§#......#
#..§§#......#
#....#......# .####
#(...#......# .#...
#....#......####.....
#....#.............#.
#....#...............
#...........#._.


You could see a bullfrog.

Vanquished Creatures
  Edmund (D:5)
  An ice beast (D:5)
  A slave (D:5)
  A scorpion (D:4)
  An orc priest (D:3)
  Crazy Yiuf (D:3)
  An iguana (D:5)
  Jessica (D:3)
  2 orc wizards (D:3)
  4 worker ants
  3 adders (D:3)
  2 oozes
  An adder skeleton (D:4)
  4 worms
  3 dart slugs
  4 leopard geckos
  9 orcs
  11 bats
  3 giant cockroaches
  6 goblins
  12 hobgoblins
  4 jackals (D:2)
  6 kobolds
  2 ball pythons
  7 frilled lizards
  11 rats
102 creatures vanquished.

Vanquished Creatures (others)
  A bat (D:3)
  A quokka (D:3)
2 creatures vanquished.

Grand Total: 104 creatures vanquished

Notes
Turn   | Place    | Note
-------+----------+-------------------------------------------
     0 | D:1      | dvd the Minotaur Fighter began the quest for the Orb.
     0 | D:1      | Reached XP level 1. HP: 19/19 MP: 0/0
   127 | D:1      | Reached XP level 2. HP: 24/27 MP: 1/1
   392 | D:1      | Reached XP level 3. HP: 32/33 MP: 2/2
   760 | D:2      | Found a hide-covered altar of Uskayaw.
   760 | D:2      | Noticed a hand axe
   760 | D:2      | Noticed a dagger
   897 | D:2      | Found a shimmering altar of Xom.
  1074 | D:2      | Found a bloodstained altar of Trog.
  1305 | D:2      | Found an ornate altar of the Wu Jian Council.
  1367 | D:2      | Reached XP level 4. HP: 38/41 MP: 3/3
  1701 | D:3      | Noticed Jessica
  1714 | D:3      | Killed Jessica
  1726 | D:3      | Reached XP level 5. HP: 17/47 MP: 4/4
  1927 | D:3      | Found an opulent altar of Gozag.
  2108 | D:3      | Found a white marble altar of Elyvilon.
  2234 | D:3      | Found a runed door.
  2238 | D:3      | Noticed Crazy Yiuf
  2242 | D:3      | Killed Crazy Yiuf
  2242 | D:3      | Reached skill level 1 in Dodging
  2242 | D:3      | Reached XP level 6. HP: 50/55 MP: 5/5
  2467 | D:4      | Reached skill level 5 in Armour
  2574 | D:4      | Reached skill level 5 in Fighting
  2574 | D:4      | Reached skill level 5 in Axes
  2595 | D:4      | Reached skill level 5 in Shields
  2869 | D:4      | Reached skill level 1 in Throwing
  3048 | D:4      | You fall through a shaft!
  3048 | D:5      | Entered Level 5 of the Dungeon
  3063 | D:5      | Reached skill level 1 in Maces & Flails
  3076 | D:5      | Found a radiant altar of Vehumet.
  3077 | D:5      | Noticed a slave
  3078 | D:5      | Noticed Edmund
  3094 | D:5      | Noticed an ice beast
  3099 | D:5      | Noticed an ice beast
  3120 | D:5      | Killed a slave
  3125 | D:5      | Killed Edmund
  3125 | D:5      | Reached XP level 7. HP: 34/61 MP: 6/6
  3151 | D:5      | Noticed a steam dragon
  3151 | D:5      | an ice beast changed into a steam dragon
  3154 | D:5      | HP: 1/61 [steam dragon (4)]
  3172 | D:5      | Gained mutation: You have a somewhat thin skeletal structure. (Dex +2, Stealth) [potion of mutation]
  3172 | D:5      | Gained mutation: Your muscles are strong. (Str +2) [potion of mutation]
  3172 | D:5      | Gained mutation: You are partially covered in slimy green scales. (AC +2) [potion of mutation]
  3374 | D:5      | HP: 3/61 [steam dragon/ball of steam (20)]
  3376 | D:5      | a steam dragon changed into a bullfrog
  3376 | D:5      | Slain by a bullfrog

Vault maps used:
D:1:      tarquinn_simple_flora_water_c, st_stairs_11
D:2:      dancing_weapons_uskayaw, lemuel_crystal_altar, lightli_temple_of_fire,
          lemuel_crystal_altar, first_bread
D:3:      elyvilon_altar_4, old_standard_altar, uniq_crazy_yiuf_cottage,
          uniq_jessica
D:5:      vehumet_altar_wand_db, zin_academy, gammafunk_temple_overflow_pools,
          sigmund_army, uniq_edmund, uniq_pikel

Skill      XL: |  1  2  3  4  5  6 |
---------------+-------------------+-----
Fighting       | 4 5 |  5.3
Armour         | 4 5 |  5.4
Shields        | 4 5 |  5.4
Axes           | 3 4 5 |  5.2
Dodging        | 1 |  1.6
Throwing       | 1 |  1.7
Maces & Flails | 2 |  2.7
Stealth        | |  0.2

Action                   |  1- 3 |  4- 6 |  7- 9 || total
-------------------------+-------+-------+-------++-------
Melee: War axe           |   103 |    56 |       ||   159
       Headbutt          |    15 |    15 |     2 ||    32
       Short sword       |       |     3 |       ||     3
       Mace              |       |    52 |     7 ||    59
Throw: Stone             |     4 |       |       ||     4
       Tomahawk          |       |    19 |       ||    19
Evoke: Wand              |       |       |     7 ||     7
  Use: Scroll            |       |     3 |       ||     3
       Potion            |       |     3 |     6 ||     9
  Eat: Chunk             |     2 |     5 |       ||     7
       Royal jelly       |       |       |     1 ||     1
Armor: Scale mail        |    64 |    76 |     3 ||   143
Dodge: Dodged            |    35 |    31 |    11 ||    77
Block: Shield            |    60 |    57 |     6 ||   123

Table legend:
 A = Spawn XP
 B = Non-spawn XP
 C = Spawn XP percentage of total XP
 D = Spawn monster count
 E = Non-spawn monster count
 F = Spawn count percentage of total count
 G = Total turns spent on level
                    A         B        C        D         E        F      G
               +---------+---------+-------+---------+---------+-------+---------
         Total |       0 |     959 |   0.0 |       0 |     101 |   0.0 |  3376
               +---------+---------+-------+---------+---------+-------+---------
           D:1 |       0 |      53 |   0.0 |       0 |      30 |   0.0 |   760
           D:2 |       0 |      53 |   0.0 |       0 |      22 |   0.0 |   921
           D:3 |       0 |     278 |   0.0 |       0 |      30 |   0.0 |   747
           D:4 |       0 |     190 |   0.0 |       0 |      12 |   0.0 |   620
           D:5 |       0 |     385 |   0.0 |       0 |       7 |   0.0 |   328
               +---------+---------+-------+---------+---------+-------+---------
